 Dungeon Crawl Stone Soup version 0.31-a0-996-g3b49de5836 (webtiles) character file.

Game seed: 11582132914005706189

772 Revguard the Trooper (level 7, -5/84 HPs)
             Began as a Demonspawn Berserker on Nov 7, 2023.
             Was a Believer of Trog.
             Slain by a troll (11 damage)
             ... on level 6 of the Dungeon.
             The game lasted 00:09:57 (4133 turns).

Revguard the Trooper (Demonspawn Berserker)         Turns: 4133, Time: 00:09:59

Health: -5/84      AC: 18    Str: 19    XL:     7   Next: 53%
Magic:  7/7        EV: 11    Int:  9    God:    Trog [**....]
Gold:   148        SH:  0    Dex: 15    Spells: 6/6 levels left

rFire   . . .        x - +0 mace of the Forsaken Planets {venom, Dex+3}
rCold   . . .        (no shield)
rNeg    . . .        i - +0 scale mail
rPois   .            (no helmet)
rElec   .            (no cloak)
rCorr   .            (no gloves)
SInv    .            d - +0 pair of boots
Will    ++...        (no amulet) Stlth
                     y - +4 ring of protection
HPRegen 1.34/turn    (no ring)
MPRegen 0.10/turn

%: no passive effects
@: berserking, strong-willed, sanguine armoured, regenerating, very quick
A: sanguine armour 1, demonic magic 1, demonic touch 2
a: Renounce Religion, Berserk, Trog's Hand


You were on level 6 of the Dungeon.
You worshipped Trog.
Trog was pleased with you.
You visited 2 branches of the dungeon, and saw 7 of its levels.

You collected 148 gold pieces.

Inventory:

Hand Weapons
 a - a +0 hand axe
 x - the +0 mace of the Forsaken Planets (weapon) {venom, Dex+3}
   (You found it on level 4 of the Dungeon)

   Dex+3:     It affects your dexterity (+3).
Missiles
 n - 2 throwing nets
Armour
 d - a +0 pair of boots (worn)
 i - a +0 scale mail (worn)
Jewellery
 y - a +4 ring of protection (left hand)
Wands
 l - a wand of polymorph (2)
Scrolls
 c - a scroll of silence {unknown}
 e - a scroll of fear {unknown}
 f - 2 scrolls of teleportation {unknown}
 g - a scroll of revelation {unknown}
 j - a scroll of vulnerability {unknown}
 k - a scroll of fog {unknown}
 o - 6 scrolls of identify {unknown}
 r - a scroll of blinking {unknown}
 s - a scroll of amnesia {unknown}
 v - a scroll of enchant armour {unknown}
Potions
 b - a potion of berserk rage {unknown}
 h - 2 potions of curing
 m - a potion of heal wounds {unknown}
 p - a potion of resistance {unknown}
 q - a potion of enlightenment {unknown}
 t - a potion of ambrosia {unknown}
 u - a potion of attraction {unknown}
 w - 2 potions of degeneration {unknown}


   Skills:
 * Level 5.1 Fighting
 * Level 4.5 Axes
 + Level 3.6 Armour
 + Level 3.5 Dodging
 + Level 3.2 Evocations


You had 6 spell levels left.
You didn't know any spells.
Your spell library was empty.

Dungeon Overview and Level Annotations

Branches:
Dungeon (6/15)             Temple (1/1) D:5

Altars:
Ashenzari
Cheibriados
Dithmenos
Fedhas
Gozag
Hepliaklqana
Makhleb
Nemelex Xobeh
Okawaru
Qazlal
Ru
Sif Muna
Trog
Uskayaw
Vehumet
Xom
Yredelemnul

Shops:
D:4 ?


Innate Abilities, Weirdness & Mutations

When seriously injured, your blood forms armour. (AC +6)
Spells you cast may paralyse adjacent enemies.
Your touch may inflict irresistible damage on your foes.


Message History

You feel sick.
You are no longer poisoned.
HP restored.
You see here an adder corpse.
You now have 148 gold pieces (gained 15).
A troll comes into view.
The troll shouts!
You hear a shout! x2
A gnoll sergeant comes into view. It is wielding a +0 trident.
The gnoll sergeant shouts!
Okay, then.
You feel agile.
The +0 mace of the Forsaken Planets {venom, Dex+3} begins to drip with poison!
x - the +0 mace of the Forsaken Planets (weapon)
{venom, Dex+3} You barely miss the troll.
A gnoll comes into view. It is wielding a +0 whip.
The troll bites you. The troll barely misses you. The troll claws you!
You closely miss the troll.
The gnoll shouts!
The troll closely misses you. The troll claws you!
Your blood congeals into armour.
The troll claws you but does no damage.
A gnoll comes into view. It is wielding a +0 whip.
The troll bites you but does no damage. The troll claws you. x2
The gnoll moves out of view.
Your skin crawls.
You feel strong-willed.
A gnoll comes into view. It is wielding a +2 halberd of venom.
The troll bites you!
* * * LOW HITPOINT WARNING * * *
The troll claws you!
* * * LOW HITPOINT WARNING * * *
The troll claws you but does no damage.
You feel better. The troll bites you but does no damage.
The troll closely misses you. x2
A red film seems to cover your vision as you go berserk!
You feel yourself moving faster!
You feel mighty!
The gnoll sergeant hits you from afar with a +0 trident.
* * * LOW HITPOINT WARNING * * *
A gnoll comes into view. It is wielding a +0 spear.
The troll bites you!
You die...

.........#.#
.........#.#
.........#.##
.........#..#
..........#.
.########.##.
#.###
######..###.#g.g
.........@Tgg$.#
..........##$.##
....!.##.?.# #
...... #...#
###### ##..#
.... .....
......


You could see a troll, a gnoll sergeant and 3 gnolls.

Vanquished Creatures
  Sigmund (D:3)
  2 ogres
  A scorpion (D:5)
  2 hounds
  A sleepcap (D:5)
  3 iguanas
  An orc wizard (D:6)
  4 gnolls (D:4)
  7 adders
  A white imp (D:3)
  3 worms
  2 dart slugs (D:1)
  6 orcs
  2 bats
  2 endoplasms (D:1)
  A giant cockroach (D:4)
  5 goblins
  4 hobgoblins
  9 jackals
  2 kobolds
  7 quokkas
  11 ball pythons
  3 frilled lizards
  9 rats
89 creatures vanquished.

Notes
Turn   | Place    | Note
-------+----------+-------------------------------------------
     0 | D:1      | Revguard the Demonspawn Berserker began the quest for the
                  | Orb.
     0 | D:1      | Reached XP level 1. HP: 18/18 MP: 1/1
   150 | D:1      | Gained mutation: Spells you cast may paralyse adjacent
                  | enemies. [demonic ancestry]
   150 | D:1      | Reached XP level 2. HP: 23/24 MP: 2/2
   409 | D:1      | Reached skill level 1 in Evocations
   421 | D:1      | Reached ** piety under Trog
   480 | D:1      | Found a faded altar of an unknown god.
   507 | D:1      | Gained mutation: Your touch may inflict minor irresistible
                  | damage on your foes. [demonic ancestry]
   507 | D:1      | Reached XP level 3. HP: 28/29 MP: 3/3
  1005 | D:2      | Reached XP level 4. HP: 35/35 MP: 4/4
  1121 | D:2      | Found a shadowy altar of Dithmenos.
  1373 | D:3      | Noticed Sigmund
  1505 | D:3      | Killed Sigmund
  1506 | D:3      | Reached skill level 4 in Fighting
  1506 | D:3      | Reached XP level 5. HP: 42/42 MP: 5/5
  1859 | D:3      | Gained mutation: Your touch may inflict irresistible damage
                  | on your foes. [demonic ancestry]
  1859 | D:3      | Reached XP level 6. HP: 40/48 MP: 6/6
  2516 | D:4      | Found Mamom's Magic Scroll Shop.
  2777 | D:4      | Identified the +0 mace of the Forsaken Planets {venom,
                  | Dex+3}
  3082 | D:5      | Entered Level 5 of the Dungeon
  3107 | D:5      | Identified the +1 robe "Woungu" {rPois rCorr}
  3137 | D:5      | Gained mutation: When seriously injured, your blood forms
                  | armour. (AC +6) [demonic ancestry]
  3137 | D:5      | Reached XP level 7. HP: 55/55 MP: 7/7
  3176 | D:5      | Found a staircase to the Ecumenical Temple.
  3197 | Temple   | Entered the Ecumenical Temple
  3854 | D:5      | Reached skill level 5 in Fighting
  4126 | D:6      | Noticed a troll
  4131 | D:6      | HP: 1/56 [troll (10)]
  4133 | D:6      | Slain by a troll

Illustrated notes

Levels and vault maps discovered:
D:1:      amcnicky_arrival_underground_garden, layout_loops_cross,
          ebering_ecumenical_altar_rust, nicolae_titane
D:2:      layout_rooms, basic_altar
D:3:      layout_loops_ring, uniq_sigmund
D:4:      layout_loops_corners, serial_shops, nicolae_shop_waterfront
D:5:      layout_loops_corners, temple_fountains
D:6:      layout_rooms
Temple:   mainiacjoe_temple_cubbyholes

Skill      XL: |  1  2  3  4  5  6  7 |
---------------+----------------------+-----
Armour         | 2 3 |  3.6
Dodging        | 2 3 |  3.5
Evocations     | 1 2 3 |  3.2
Axes           | 3 4 |  4.5
Fighting       | 4 5 |  5.1

Action                     |  1- 3 |  4- 6 |  7- 9 || total
---------------------------+-------+-------+-------++-------
  Melee: Hand axe          |   115 |    97 |    52 ||   264
         Touch             |     3 |    27 |    12 ||    42
         Unarmed           |       |     8 |       ||     8
         Mace              |       |     3 |     2 ||     5
         Punch             |       |       |     1 ||     1
 Invoke: Berserk           |       |     3 |     1 ||     4
         Trog's Hand       |       |     3 |     1 ||     4
    Use: Potion            |       |     1 |     1 ||     2
   Stab: Sleeping          |     1 |       |       ||     1
 Armour: Animal skin       |    69 |       |       ||    69
         Scale mail        |    13 |    67 |    48 ||   128
         Skin              |       |    17 |       ||    17
  Dodge: Dodged            |    85 |    75 |    33 ||   193

Table legend: (Time is in decaauts)
 A = Elapsed time spent in this place.
 B = Non-inter-level travel time spent in this place.
 C = Inter-level travel time spent in this place.
 D = Time resting spent in this place.
 E = Time spent auto-exploring this place.
 F = Levels seen in this place.
 G = Mean time per level.
                   A        B        C        D        E       F      G
               +--------+--------+--------+--------+--------+-----+--------+
         Total |   4177 |   4088 |     89 |     13 |   3165 |   7 |  596.7 |
       Dungeon |   4055 |   3967 |     88 |     13 |   3045 |   6 |  675.8 |
        Temple |    121 |    120 |      1 |      0 |    120 |   1 |  121.0 |
               +--------+--------+--------+--------+--------+-----+--------+

Top non-repeatable levels by time:
     D:4: 960 daAuts
     D:1: 904 daAuts
     D:5: 860 daAuts
     D:3: 775 daAuts
     D:2: 481 daAuts
  Temple: 121 daAuts
     D:6: 74 daAuts
